 Dungeon Crawl Stone Soup version 0.23.2-40-g277498a001 (webtiles) character file.

Game seed: 11522991185935926617

2419 Amplified the Spear-Bearer (level 9, -2/69 HPs)
             Began as a Merfolk Summoner on Sept 4, 2019.
             Was a Follower of Makhleb.
             Slain by an ogre
             ... wielding a +0 giant club
              (24 damage)
             ... on level 8 of the Dungeon.
             The game lasted 00:20:59 (10724 turns).

Amplified the Spear-Bearer (Merfolk Summoner)      Turns: 10724, Time: 00:21:00

Health: -2/69      AC:  8    Str: 16    XL:     9   Next: 48%
Magic:  13/14      EV: 15    Int: 15    God:    Makhleb [*.....]
Gold:   309        SH:  7    Dex: 15    Spells: 8/14 levels left

rFire    + . .     SeeInvis .   i - +0 trident
rCold    . . .     Gourm    .   f - +2 buckler of Tempters {rPois Str+8 Int-2}
rNeg     . . .     Faith    +   q - +1 leather armour {rF+}
rPois    +         Spirit   .   (no helmet)
rElec    .         Reflect  .   m - +1 cloak
rCorr    +         Harm     .   (no gloves)
MR       .....                  (no boots)
Stlth    ++........             o - amulet of faith
HPRegen  0.21/turn              j - ring of resist corrosion
MPRegen  0.14/turn              y - ring of flight

@: confusing touch
A: change form in water, swift swim, stealthy swim, thin metallic scales 1, wild
magic 1
a: Renounce Religion, Evoke Flight


You were on level 8 of the Dungeon.
You worshipped Makhleb.
Makhleb was aware of your devotion.
You were hungry.

You visited 2 branches of the dungeon, and saw 9 of its levels.

You collected 309 gold pieces.

Inventory:

Hand Weapons
 e - a +2 whip of flaming
 i - a +0 trident (weapon)
Missiles
 h - 12 tomahawks (quivered)
 x - 19 poisoned needles
Armour
 d - the +1 chain mail of Submission {rCorr Str+4 Dex-3, unknown}
   (You found it on level 8 of the Dungeon)

   It affects your strength (+4).
   It affects your dexterity (-3).
   It provides partial protection from all sources of acid and corrosion.
 f - the +2 buckler of Tempters (worn) {rPois Str+8 Int-2}
   (You found it on level 7 of the Dungeon)

   It affects your strength (+8).
   It affects your intelligence (-2).
   It protects you from poison.
 g - a +0 ring mail
 m - a +1 cloak (worn)
 q - a +1 leather armour of fire resistance (worn)
Magical Staves
 t - an uncursed staff of power
Jewellery
 b - an uncursed ring of ice
 j - a ring of resist corrosion (left hand)
 l - an uncursed amulet of guardian spirit
 o - an amulet of faith (around neck)
 v - an uncursed ring of stealth
 y - a ring of flight (right hand)
Scrolls
 a - a scroll of fear
 n - 3 scrolls of remove curse
 u - 4 scrolls of identify
Potions
 k - 2 potions of cancellation
 s - 3 potions of flight
Comestibles
 c - 12 rations


   Skills:
 + Level 5.8 Fighting
 * Level 10.9 Polearms
 - Level 0.1 Throwing
 - Level 5.7 Dodging
 - Level 2.1 Stealth
 * Level 3.8 Shields
 - Level 3.4 Spellcasting
 - Level 4.4 Hexes
 - Level 4.0 Summonings
 - Level 0.2 Invocations


You had 8 spell levels left.
You knew the following spells:

 Your Spells              Type           Power        Failure   Level  Hunger
a - Summon Small Mammal   Summ           ###.         8%          1    None
b - Confusing Touch       Hex            ###...       7%          1    None
c - Summon Lightning Spi  Summ/Air       ##......     78%         4    ####...

Your spell library contained the following spells:

 Spells                   Type           Power        Failure   Level  Hunger
 Slow                     Hex            ###.....     10%         2    ##.....
 Call Imp                 Summ           ###.....     11%         2    ##.....
 Confuse                  Hex            ###.....     17%         3    ###....
 Summon Guardian Golem    Hex/Summ       ###.....     19%         3    ###....
 Call Canine Familiar     Summ           ###.....     21%         3    ###....
 Beastly Appendage        Tmut           #.....       32%         1    None
 Magic Dart               Conj           #...         32%         1    None
 Blink                    Tloc           N/A          45%         2    ##.....
 Sticks to Snakes         Tmut           #.......     45%         2    ##.....
 Conjure Flame            Conj/Fire      #.......     67%         3    ###....
 Gell's Gravitas          Tloc           #.........   67%         3    ###....
 Mephitic Cloud           Conj/Pois/Air  #.......     67%         3    ###....
 Spider Form              Tmut/Pois      #.........   67%         3    ###....
 Summon Ice Beast         Ice/Summ       ##......     78%         4    ####...
 Ice Form                 Ice/Tmut       #.......     96%         4    ####...
 Petrify                  Tmut/Erth      #.......     96%         4    ####...
 Metabolic Englaciation   Hex/Ice        ##........   97%         5    ######.
 Yara's Violent Unravell  Hex/Tmut       ##........   97%         5    ######.
 Blade Hands              Tmut           #.........   100%        5    ######.


Dungeon Overview and Level Annotations

Branches:
Dungeon (8/15)             Temple (1/1) D:7
   Lair: D:8-11

Altars:
Ashenzari
Cheibriados
Dithmenos
Elyvilon
Fedhas
Gozag
Hepliaklqana
Kikubaaqudgha
Makhleb
Nemelex Xobeh
Okawaru
Qazlal
Ru
Sif Muna
Trog
Uskayaw
Vehumet
Wu Jian
Xom
Yredelemnul
The Shining One

Annotations:
D:5 1 runed translucent door, Crazy Yiuf
D:8 Joseph


Innate Abilities, Weirdness & Mutations

You revert to your normal form in water You are very nimble and swift while swimming.
You are very stealthy in the water. (Stealth+)
You are partially covered in thin metallic scales. (AC +2)
Your spells are a little harder to cast, but a little more powerful.


Message History

An ogre comes into view. It is wielding a +0 giant club.
The ogre shouts!
Found a throwing net and 5 rations.
Okay, then.
Okay, then.
Evoke which item? (* to show all) (? for menu, Esc to quit)
Okay, then.
Casting: Confusing Touch (safe; 7% risk of failure)
Confirm with . or Enter, or press ? or * to list all spells.
Your hands begin to glow red.
You block the ogre's attack. The ice beast hits you. The ice beast freezes you.
You hit the ogre but do no damage. The ice beast hits you.
The ice beast freezes you!
You completely miss the ogre. The ogre misses you.
Unknown command.
Okay, then.
The ogre hits you with a +0 giant club.
You see here a human skeleton.
The ogre hits you with a +0 giant club!!
You die...

#.......
. ..#
#..#
####..##(
?..
..####..#
#!.# ...
........#
#.#####o#
#.### #
#.... #
##### # #
##### #
.. #%@(#
##.##
#.$o
#.§O#
.....
.!..$.
#%YZ#
##.#
#....(
###.#
...#
#..o..
#.## ####
#....
##.# ####
# ###
#...##O##
.... ##..
##
#.#..ooZ#
#### #.#
.#
#.##...##


You could see an ice beast, an ogre and a jackal zombie.

Vanquished Creatures
  Prince Ribbit (D:5)
  Menkaure (D:7)
  An ice beast (D:6)
  4 ogres
  2 sky beasts
  A centaur (D:7)
  3 bullfrogs
  A gnoll sergeant (D:6)
  2 scorpions
  4 howler monkeys
  4 crimson imps
  A bullfrog zombie (D:7)
  A centaur zombie (D:7)
  2 hounds (D:7)
  An orc priest (D:4)
  A centaur skeleton (D:4)
  Ijyb (D:4)
  2 iguanas (D:7)
  3 orc wizards
  8 worker ants
  A worker ant zombie (D:6)
  8 gnolls
  6 adders
  3 shadow imps
  An ooze (D:6)
  An adder zombie (D:7)
  5 worms
  A dart slug (D:2)
  2 leopard geckos
  26 orcs
  3 giant cockroaches
  9 hobgoblins
  7 jackals
  7 quokkas
  4 ball pythons
  7 bats
  2 frilled lizards
  11 goblins
  A jackal skeleton (D:5)
  3 kobolds
  A leopard gecko skeleton (D:4)
  A quokka skeleton (D:4)
  8 rats
162 creatures vanquished.

Vanquished Creatures (collateral kills)
  A worm (D:4)
  A goblin (D:1)
  A kobold (D:2)
3 creatures vanquished.

Grand Total: 165 creatures vanquished

Notes
Turn   | Place    | Note
-------+----------+-------------------------------------------
     0 | D:1      | Amplified the Merfolk Summoner began the quest for the Orb.
     0 | D:1      | Reached XP level 1. HP: 13/13 MP: 3/3
   243 | D:1      | Reached skill level 1 in Polearms
   611 | D:1      | Reached XP level 2. HP: 19/20 MP: 5/5
   711 | D:1      | Reached skill level 1 in Fighting
   715 | D:1      | Reached skill level 2 in Polearms
  1810 | D:3      | Reached XP level 3. HP: 15/26 MP: 6/6
  1825 | D:3      | Reached skill level 3 in Polearms
  2552 | D:4      | Learned a level 1 spell: Confusing Touch
  2655 | D:4      | Found a white marble altar of Elyvilon.
  2672 | D:4      | Found a sacrificial altar of Ru.
  2776 | D:4      | Reached skill level 4 in Polearms
  2776 | D:4      | Reached XP level 4. HP: 28/33 MP: 5/7
  2780 | D:4      | Reached skill level 1 in Hexes
  3426 | D:3      | Reached XP level 5. HP: 25/38 MP: 5/8
  3900 | D:3      | Reached skill level 5 in Polearms
  4161 | D:3      | Noticed an ogre
  4166 | D:3      | Killed an ogre
  4166 | D:3      | Reached XP level 6. HP: 46/46 MP: 9/9
  4416 | D:3      | Found a sacrificial altar of Ru.
  4987 | D:5      | Entered Level 5 of the Dungeon
  4987 | D:5      | Noticed a sky beast
  4992 | D:5      | Noticed Ijyb
  5050 | D:4      | Reached skill level 6 in Polearms
  5855 | D:4      | Killed Ijyb
  5965 | D:4      | Reached XP level 7. HP: 45/52 MP: 9/11
  6694 | D:5      | Noticed Prince Ribbit
  6711 | D:5      | Killed Prince Ribbit
  6711 | D:5      | Reached skill level 7 in Polearms
  6980 | D:5      | Gained mutation: Scrolls take you a little longer to read.
                  | [potion of mutation]
  6980 | D:5      | Gained mutation: You have an increased reservoir of magic.
                  | (+10% MP) [potion of mutation]
  7062 | D:5      | Found a runed translucent door.
  7063 | D:5      | Noticed Crazy Yiuf
  7205 | D:5      | Reached XP level 8. HP: 59/60 MP: 14/14
  7251 | D:5      | Found an opulent altar of Gozag.
  7610 | D:6      | Found an ornate altar of the Wu Jian Council.
  7788 | D:6      | Reached skill level 8 in Polearms
  7876 | D:6      | Lost mutation: Scrolls take you a little longer to read.
                  | [potion of mutation]
  7876 | D:6      | Lost mutation: You have an increased reservoir of magic.
                  | (+10% MP) [potion of mutation]
  7876 | D:6      | Gained mutation: Your spells are a little harder to cast,
                  | but a little more powerful. [potion of mutation]
  7876 | D:6      | Gained mutation: You are partially covered in thin metallic
                  | scales. (AC +2) [potion of mutation]
  7929 | D:6      | Found a snail-covered altar of Cheibriados.
  8693 | D:6      | Reached skill level 9 in Polearms
  8693 | D:6      | Reached skill level 5 in Dodging
  9018 | D:7      | Noticed Menkaure
  9117 | D:7      | Found a deep blue altar of Sif Muna.
  9132 | D:7      | Found a shadowy altar of Dithmenos.
  9325 | D:7      | Found a staircase to the Ecumenical Temple.
  9330 | Temple   | Entered the Ecumenical Temple
  9406 | Temple   | Became a worshipper of Makhleb the Destroyer
  9484 | D:7      | HP: 2/61 [something (6)]
  9785 | D:7      | Got a transparent buckler
  9813 | D:7      | Identified the +2 buckler of Tempters {rPois Str+8 Int-2}
                  | (You found it on level 7 of the Dungeon)
  9908 | D:7      | Reached skill level 5 in Fighting
  9908 | D:7      | Reached skill level 1 in Shields
  9933 | D:7      | Reached XP level 9. HP: 61/68 MP: 14/14
  9944 | D:7      | Learned a level 4 spell: Summon Lightning Spire
  9988 | D:7      | Reached skill level 10 in Polearms
 10081 | D:7      | Reached * piety under Makhleb
 10267 | D:7      | Killed Menkaure
 10516 | D:7      | Found a shattered altar of Ashenzari.
 10620 | D:8      | Noticed Joseph
 10658 | D:8      | Got a shimmering chain mail
 10688 | D:8      | Noticed a two-headed ogre
 10724 | D:8      | Slain by an ogre

Skill      XL: |  1  2  3  4  5  6  7  8  9 |
---------------+----------------------------+-----
Polearms       | 1 2 4 5 6 7 9 10 | 10.9
Fighting       | 1 2 3 5 |  5.8
Hexes          | 1 2 3 4 |  4.4
Spellcasting   | 3 |  3.4
Dodging        | 5 |  5.7
Shields        | 1 3 |  3.8
Throwing       | |  0.1
Stealth        | |  2.1
Summonings     | |  4.0
Invocations    | |  0.2

Action                   |  1- 3 |  4- 6 |  7- 9 || total
-------------------------+-------+-------+-------++-------
Melee: Spear             |   216 |   383 |   521 ||  1120
       Unarmed           |     2 |       |       ||     2
       Trident           |       |       |   226 ||   226
Throw: Stone             |     7 |       |       ||     7
       Tomahawk          |     3 |       |     1 ||     4
 Cast: Summon Small Mamm |    10 |     1 |       ||    11
       Confusing Touch   |       |    10 |    43 ||    53
Evoke: Wand              |       |    16 |    24 ||    40
  Use: Scroll            |    11 |     6 |     7 ||    24
       Potion            |     7 |     5 |     5 ||    17
 Stab: Sleeping          |     3 |       |     5 ||     8
       Distracted        |     2 |       |       ||     2
       Confused          |       |    14 |    43 ||    57
  Eat: Chunk             |     5 |     4 |    13 ||    22
       Ration            |       |     2 |     1 ||     3
Armor: Robe              |     8 |       |       ||     8
       Ring mail         |    47 |   108 |       ||   155
       Leather armour    |       |     2 |   122 ||   124
Dodge: Dodged            |   105 |   159 |   212 ||   476
Block: Buckler           |       |       |    38 ||    38
